 Dungeon Crawl Stone Soup version 0.29-a0-409-gd843f3a48c (webtiles) character file.

Game seed: 14871385007483816250

287 holysushi the Insei (level 6, -5/47 HPs)
             Began as a Mummy Monk on May 14, 2022.
             Was a Priest of Makhleb.
             Splashed by a jelly's acid (8 damage)
             ... on level 4 of the Dungeon.
             The game lasted 00:05:29 (5153 turns).

holysushi the Insei (Mummy Monk)                    Turns: 5153, Time: 00:05:31

Health: -5/47      AC: -3    Str: 14    XL:     6   Next: 8%
Magic:  7/7        EV: 13    Int:  9    God:    Makhleb [***...]
Gold:   146        SH:  0    Dex: 17    Spells: 5/5 levels left

rFire   x . .      SeeInvis .     - Unarmed
rCold   + . .      Faith    .   (no shield)
rNeg    + + +      Spirit   .   a - +0 robe
rPois   ∞          Reflect  .   (no helmet)
rElec   .          Harm     .   h - +2 cloak
rCorr   .          Rampage  .   (no gloves)
Will    .....                   (no boots)
Stlth   ++........              (no amulet)
HPRegen 0.15/turn               c - ring of wizardry
MPRegen 0.10/turn               (no ring)

@: corroded
A: cold resistance 1, negative energy resistance 3, torment resistance 2, heat
vulnerability 1, in touch with death 1, no potions
a: Renounce Religion, Minor Destruction, Lesser Servant of Makhleb


You were on level 4 of the Dungeon.
You worshipped Makhleb.
Makhleb was most pleased with you.
You visited 1 branch of the dungeon, and saw 4 of its levels.

You collected 146 gold pieces.

Inventory:

Armour
 a - a +0 robe (worn)
 h - a +2 cloak (worn)
Jewellery
 c - a ring of wizardry (left hand)
 g - a ring of ice
Wands
 k - a wand of paralysis (1)
Scrolls
 b - a scroll of fog {unknown}
 d - a scroll of noise {unknown}
 e - 5 scrolls of teleportation
 f - 2 scrolls of identify {unknown}
 i - a scroll of enchant weapon {unknown}
 j - 2 scrolls of magic mapping {unknown}
 l - a scroll of amnesia {unknown}
 m - a scroll of torment {unknown}
 n - a scroll of silence {unknown}


   Skills:
 - Level 3.0 Fighting
 + Level 2.6 Dodging
 - Level 1.5 Stealth
 * Level 5.1 Unarmed Combat
 + Level 2.2 Invocations


You had 5 spell levels left.
You didn't know any spells.
Your spell library contained the following spells:

 Spells                   Type           Power      Damage    Failure   Level
 Scorch                   Fire           0%         2d5       24%         2
 Flame Wave               Conj/Fire      0%         2d4       82%         4
 Summon Cactus Giant      Summ           0%         N/A       100%        6


Dungeon Overview and Level Annotations

Branches:
Dungeon (4/15)             Temple (0/1) D:4

Altars:
Gozag
Makhleb

Shops:
D:3 [*([[

Annotations:
D:4 exclusion: black bear


Innate Abilities, Weirdness & Mutations

You are immune to poison.
Your flesh is cold resistant. (rC+)
You are immune to negative energy. (rN+++)
You are immune to unholy pain and torment.
You are vulnerable to heat. (rF-)
You are in touch with the powers of death.
You do not drink.


Message History

Why would you want to do that?
No target in view!
Found a flail.
Key pressed, stopping explore.
No target in view!
Key pressed, stopping explore.
No target in view!
Things that are here:
a +0 short sword; a kobold corpse
Found a stone staircase leading down.
No target in view!
A jelly comes into view.
A jelly is nearby!
A jelly is nearby!
Found a staircase to the Ecumenical Temple.
The jelly quivers.
The jelly hits you but does no damage.
You hit the jelly.
Your hands burn!
The jelly is lightly wounded.
You hit the jelly.
Your hands burn!
The jelly is heavily wounded.
The jelly barely misses you.
You hit the jelly but do no damage. The acid corrodes you!
Your hands burn!
The jelly is heavily wounded.
The jelly hits you.
You are splashed with acid!
You hit the jelly.
Your hands burn!
The jelly is heavily wounded.
The jelly closely misses you.
You hit the jelly.
Your hands burn!
The jelly is severely wounded.
The jelly hits you. The acid corrodes you!
You are splashed with acid!
* * * LOW HITPOINT WARNING * * *
You hit the jelly but do no damage.
Your hands burn!
* * * LOW HITPOINT WARNING * * *
You punch the jelly.
The jelly is almost dead.
The jelly hits you.
* * * LOW HITPOINT WARNING * * *
You are splashed with acid!
You die...

........#..........###...########
....#..###..###....# #...#
...###.....###.....# #...#
##..#.......##.....# #####
#............#.....#
...(.#.....###.....# .....##...##
#.....#####
.....#.....####>........
#............##.@.......
##..#.......###.J.......#
...###.....####...$......
....#..###....#.##888#...
........##....#. ...8...
...#.....##...#. .>....
..##..........#. ...8..
...#.......#'##. 88#..
........##.#.#


You could see a jelly.

Vanquished Creatures
  A necrophage (D:4)
  An orc priest (D:4)
  An orc wizard (D:4)
  6 adders
  2 worms (D:2)
  2 dart slugs
  8 orcs (D:4)
  9 ball pythons
  8 endoplasms
  4 giant cockroaches
  5 goblins
  9 hobgoblins
  10 kobolds
  2 quokkas
  5 bats
  2 frilled lizards
  3 rats
78 creatures vanquished.

Vanquished Creatures (collateral kills)
  Crazy Yiuf (D:2)
1 creature vanquished.

Grand Total: 79 creatures vanquished

Notes
Turn   | Place    | Note
-------+----------+-------------------------------------------
     0 | D:1      | holysushi the Mummy Monk began the quest for the Orb.
     0 | D:1      | Reached XP level 1. HP: 18/18 MP: 1/1
   258 | D:1      | Reached XP level 2. HP: 23/24 MP: 2/2
   262 | D:1      | Reached skill level 3 in Unarmed Combat
   499 | D:1      | Found a faded altar of an unknown god.
   516 | D:1      | Prayed at the altar of an unknown god.
   516 | D:1      | Became a worshipper of Makhleb the Destroyer
   516 | D:1      | Reached * piety under Makhleb
   516 | D:1      | Reached ** piety under Makhleb
   927 | D:1      | Reached *** piety under Makhleb
  1144 | D:2      | Gained mutation: You are in touch with the powers of death.
                  | [Mummy growth]
  1144 | D:2      | Reached XP level 3. HP: 22/29 MP: 3/3
  2041 | D:2      | Reached skill level 1 in Invocations
  2376 | D:2      | Reached XP level 4. HP: 27/35 MP: 4/4
  2642 | D:2      | Found a runed translucent door.
  2643 | D:2      | Noticed Crazy Yiuf
  2693 | D:2      | Killed Crazy Yiuf
  2694 | D:2      | Reached skill level 4 in Unarmed Combat
  3000 | D:3      | Found Gitit's Armour Shoppe.
  3181 | D:3      | Found Itaytow's Weapon Shop.
  3349 | D:3      | Found Ibiridiff's Antique Armour Shoppe.
  3473 | D:3      | Found Buyzefae's General Store.
  3599 | D:3      | Found Poreh's Antique Armour Boutique.
  3624 | D:3      | Reached XP level 5. HP: 40/41 MP: 6/6
  4132 | D:4      | Noticed a black bear
  4386 | D:4      | Noticed an ogre
  4714 | D:4      | Reached skill level 5 in Unarmed Combat
  4747 | D:4      | Reached XP level 6. HP: 28/47 MP: 7/7
  5034 | D:4      | Found an opulent altar of Gozag.
  5145 | D:4      | Found a staircase to the Ecumenical Temple.
  5153 | D:4      | Splashed by a jelly's acid

Illustrated notes

Levels and vault maps discovered:
D:1:      amcnicky_arrival_wind_blow, layout_basic,
          ebering_ecumenical_altar_abandoned, minivault_26, minmay_distorted
D:2:      layout_loops_cross, minivault_5, uniq_crazy_yiuf_cottage
D:3:      layout_loops_ring, serial_shops, nicolae_square_shop, shop,
          nicolae_shop_hallway_stairs, shop, shop, grunt_ministairs_8
D:4:      nicolae_cairo_tiling_large_dashed, layout_basic, kennysheep_mini_moat,
          minmay_temple_entry_statues

Skill      XL: |  1  2  3  4  5 |
---------------+----------------+-----
Unarmed Combat | 3 4 5 |  5.1
Invocations    | 1 2 |  2.2
Fighting       | |  3.0
Dodging        | |  2.6
Stealth        | |  1.5

Action                   |  1- 3 |  4- 6 || total
-------------------------+-------+-------++-------
Melee: Unarmed           |   147 |   193 ||   340
       Punch             |     3 |     5 ||     8
Invok: Minor Destruction |     1 |       ||     1
       Lesser Servant of |       |     1 ||     1
  Use: Scroll            |       |     1 ||     1
 Stab: Sleeping          |     4 |     5 ||     9
Armor: Robe              |    36 |    71 ||   107
Dodge: Dodged            |    84 |   115 ||   199

Table legend: (Time is in decaauts)
 A = Elapsed time spent in this place.
 B = Non-inter-level travel time spent in this place.
 C = Inter-level travel time spent in this place.
 D = Time resting spent in this place.
 E = Time spent auto-exploring this place.
 F = Levels seen in this place.
 G = Mean time per level.
                   A        B        C        D        E       F      G
               +--------+--------+--------+--------+--------+-----+--------+
         Total |   5125 |   5046 |     79 |   1674 |   2436 |   4 | 1281.2 |
       Dungeon |   5125 |   5046 |     79 |   1674 |   2436 |   4 | 1281.2 |
               +--------+--------+--------+--------+--------+-----+--------+

Top non-repeatable levels by time:
     D:2: 1858 daAuts
     D:4: 1322 daAuts
     D:1: 1129 daAuts
     D:3: 815 daAuts
